Map: Sludge City

Players

Retsech

  • Race: Terran Terran
  • Spawn Location: 11:00

Gracz

  • Race: Zerg Zerg
  • League: Bronze
  • Spawn Location: 9:00

A.I. 2 (Medium) - Winner!

  • Race: Zerg Zerg
  • Spawn Location: 5:00

A.I. 3 (Medium) - Winner!

  • Race: Terran Terran
  • Spawn Location: 5:00

VOD

Have the link to the VOD?

Description

Time

  • Played on: Aug. 29, 2016, 10:09 a.m.
  • Length: 6:33
Show
View Real Time Build Order
Export as new Build Order

Retsech Terran 

Build Orders:  

Get SALT Encoding   

  12  0:12  SCV  
  13  0:18  Supply Depot  
  13  0:28  SCV  
  14  0:56  Command Center  
  14  1:33  Command Center  
  14  1:49  Refinery  
  14  1:53  Refinery  
  14  1:57  Engineering Bay  
  14  2:36  Command Center  
  14  2:50  SCV  
  15  3:02  SCV  
  16  3:15  SCV  
  16  3:16  Planetary Fortress  
  17  3:30  Planetary Fortress  
  17  3:57  Planetary Fortress  
  17  4:25  Planetary Fortress  
  17  5:07  SCV  
  18  5:19  SCV  
  19  5:31  SCV  
  20  5:37  Barracks  
  20  5:43  SCV  
  21  5:55  SCV  
Show
View Real Time Build Order
Export as new Build Order

Gracz Zerg 

Build Orders: Hatch First 

Get SALT Encoding   

  12  0:07  Drone  
  12  0:09  Drone  
  14  0:43  Drone, Hatchery  
  14  0:55  Extractor, Drone  
  14  0:58  Overlord  
  14  1:18  Drone x2  
  14  1:21  Extractor, Drone  
  16  1:34  Drone  
  17  1:46  Spawning Pool  
  16  1:48  Drone  
  17  1:58  Drone  
  18  2:04  Drone x2  
  18  2:08  Drone  
  21  2:13  Extractor  
  21  2:15  Drone  
  21  2:23  Drone  
  22  2:41  Drone x2  
  22  2:43  Extractor, Drone x2  
  25  2:44  Metabolic Boost  
  25  2:46  Queen  
  27  2:59  Drone  
  27  3:02  Overlord x2  
  28  3:44  Drone x3  
  31  4:02  Drone  
  32  4:04  Drone x3  
  35  4:13  Lair  
  35  4:19  Evolution Chamber  
  35  4:24  Evolution Chamber  
  33  4:33  Drone x3  
  33  4:34  Drone x3  
  33  4:35  Queen  
  41  4:53  Zergling x2  
  41  4:54  Zergling x4  
  44  5:04  Overlord x2  
  44  5:25  Nydus Network  
  43  5:31  Zergling x2  
  43  5:32  Zergling x6  
  47  5:40  Hydralisk Den  
  44  6:26  Hatchery  
Show
View Real Time Build Order
Export as new Build Order

A.I. 2 (Medium) Zerg - Winner!

Build Orders: Pool First 

Get SALT Encoding   

  12  0:01  Drone  
  13  0:13  Overlord  
  13  0:18  Drone  
  14  0:31  Drone  
  14  0:34  Drone  
  16  0:44  Spawning Pool  
  16  0:45  Drone  
  16  0:50  Drone  
  16  0:53  Extractor  
  16  0:56  Drone  
  17  1:06  Overlord  
  17  1:31  Zergling x2, Queen  
  20  1:39  Roach Warren, Drone  
  20  1:40  Extractor  
  20  1:42  Zergling x2  
  20  1:49  Drone  
  21  2:00  Drone  
  22  2:10  Overlord  
  22  2:22  Roach  
  24  2:32  Roach  
  26  2:38  Overlord  
  26  2:43  Roach  
  28  2:50  Drone  
  29  2:54  Roach  
  29  2:55  Drone  
  32  3:06  Drone  
  32  3:09  Roach, Drone  
  32  3:12  Drone  
  37  3:18  Drone  
  38  3:28  Roach, Baneling Nest  
  38  3:29  Evolution Chamber  
  38  3:39  Drone  
  39  3:41  Overlord  
  39  3:42  Drone  
  40  5:19  Lair, Drone  
  41  5:22  Drone, Spore Crawler  
  41  5:23  Overlord  
  41  5:24  Spore Crawler  
  41  5:26  Evolution Chamber, Drone  
  40  5:29  Hatchery  
  39  5:52  Drone  
  39  5:55  Drone  
  41  6:03  Spine Crawler  
  38  6:04  Drone  
  38  6:08  Zergling x2  
  34  6:17  Overseer x2  
  30  6:21  Hydralisk Den  
  30  6:24  Infestation Pit  
  32  6:26  Spire  
Show
View Real Time Build Order
Export as new Build Order

A.I. 3 (Medium) Terran - Winner!

Build Orders:  

Get SALT Encoding   

  12  0:01  SCV  
  13  0:13  SCV  
  14  0:18  Supply Depot  
  14  0:25  SCV  
  15  0:40  SCV  
  16  0:44  Barracks  
  16  0:49  Refinery  
  16  0:52  SCV  
  17  1:04  SCV  
  18  1:16  Supply Depot  
  18  1:31  Marine  
  19  1:33  Barracks, Orbital Command  
  19  1:43  Refinery  
  19  1:52  Marine  
  19  1:54  Factory  
  20  2:11  Barracks Tech Lab  
  20  2:27  Supply Depot  
  20  2:30  Marine  
  21  2:45  Marine  
  22  3:01  Marauder  
  22  3:03  Supply Depot  
  24  3:13  SCV  
  24  3:16  Hellion  
  27  3:25  SCV  
  27  3:26  Engineering Bay  
  28  3:31  Marauder  
  30  3:37  SCV  
  31  3:46  Hellion  
  33  3:49  SCV  
  33  3:54  Supply Depot  
  34  4:01  SCV  
  35  4:07  Hellion  
  37  4:14  SCV  
  38  4:29  Hellion  
  40  4:50  Hellion  
Tags
 
Add a new tag
Caveats
  • Supply blocks, unpowered buildings, or Contaminate may cause inaccurate times.
  • Supply counts are checked every 10 seconds.